 Dungeon Crawl Stone Soup version 0.17.0-24-gcfadda4 (webtiles) character file.

1 Gorice the Stinger (level 1, 0/15 HPs)
             Began as a Demonspawn Wanderer on Nov 17, 2015.
             Slain by a bat (1 damage)
             ... on level 1 of the Dungeon.
             The game lasted 00:01:11 (115 turns).

Gorice the Stinger (Demonspawn Wanderer)             Turns: 115, Time: 00:01:12

Health: 0/15       AC:  2    Str: 13    XL:     1   Next: 16%
Magic:  0/3        EV: 11    Int: 13    God:
Gold:   0          SH:  0    Dex: 11    Spells: 1 memorised, 3 levels left

rFire  . . .     SeeInvis .     e - +0 club
rCold  . . .     Clarity  .     d - +0 robe
rNeg   . . .     SustAt   .     (no shield)
rPois  .         Gourm    .     (no helmet)
rElec  .         Spirit   .     (no cloak)
rCorr  .         Warding  .     (no gloves)
rMut   .         Stasis   .     (no boots)
MR     .....                    (no amulet)
Stlth  +.........               (no ring)
                                (no ring)

@: not resistant to hostile enchantments, very unstealthy
A: no striking features
a: no special abilities


You were on level 1 of the Dungeon.
You were not hungry.

You visited 1 branch of the dungeon, and saw 1 of its levels.

Inventory:

Hand Weapons
 e - a +0 club (weapon)
Missiles
 Z - 15 stones (quivered)
Armour
 d - a +0 robe (worn)
Books
 a - a book of Minor Magic
 b - Borgnjor's Volume of Necromancy

   Spells                             Type                      Level
   a - Animate Skeleton               Necromancy                   1
   b - Pain                           Necromancy                   1
 c - the Volume of Envenoming

   Spells                             Type                      Level
   a - Sting                          Conjuration/Poison           1
   b - Cure Poison                    Poison                       2
Comestibles
 f - a bread ration {!e}


   Skills:
 - Level 1.0 Fighting
   Level 1.0 Crossbows
 - Level 1.0 Throwing
 - Level 1.0 Armour
 + Level 2.0 Spellcasting
 * Level 0.0 Conjurations
 + Level 3.1 Poison Magic
   Level 1.0 Evocations


You had 3 spell levels left.
You knew the following spells:

 Your Spells              Type           Power        Failure   Level  Hunger
a - Sting                 Conj/Pois      #...         14%         1    ##.....


Dungeon Overview and Level Annotations

Branches:
Dungeon (1/15)

Altars:


Message History

Casting: Sting
Confirm with . or Enter, or press ? or * to list all spells.
Aiming: Sting
Press: ? - help, Shift-Dir - straight line, f/p - hobgoblin
Aim: a hobgoblin The sting hits the hobgoblin.
The hobgoblin is heavily wounded.
The bat barely misses you.
You closely miss the bat. The bat hits you but does no damage.
The hobgoblin completely misses you.
You barely miss the hobgoblin.
The hobgoblin is heavily wounded.
The bat hits you but does no damage. The hobgoblin barely misses you.
You hit the hobgoblin but do no damage.
The hobgoblin is heavily wounded.
The bat hits you but does no damage. The hobgoblin hits you.
Damage: 4 (max 4)
You completely miss the hobgoblin.
The hobgoblin is heavily wounded.
The bat hits you. The hobgoblin hits you. The hobgoblin closely misses you.
Damage: 5 (max 5)
The bat barely misses you. The bat misses you.
You closely miss the bat. The bat closely misses you. The hobgoblin hits you.
* * * LOW HITPOINT WARNING * * *
Damage: 3 (max 5) Unknown command.
The bat barely misses you. The bat completely misses you.
The bat closely misses you. The bat hits you.
* * * LOW HITPOINT WARNING * * *
Damage: 1 (max 5)
Casting: Sting
Confirm with . or Enter, or press ? or * to list all spells.
Aiming: Sting
Press: ? - help, Shift-Dir - straight line, f/p - hobgoblin
Aim: a hobgoblin (heavily wounded)
The sting hits the hobgoblin.
You kill the hobgoblin!
The bat barely misses you.
You closely miss the bat. The bat hits you but does no damage.
You barely miss the bat. The bat barely misses you.
You see here a hobgoblin corpse.
The bat hits you but does no damage. The bat hits you but does no damage.
The bat barely misses you. The bat hits you.
* * * LOW HITPOINT WARNING * * *
Damage: 1 (max 5)
The bat hits you.
You die...

### #.#.#### #.#.# #.###
#.# . ###########.# ...
#........##.#
.....###........##.######
.......'.................
.....#.#@b..†....#.######
... #.######......# . ..
#.##.### ##. #.##.# #.
#.##.# .. #.##.# ..
..##.# ###... ...


You could see a bat.

Vanquished Creatures
  A hobgoblin (D:1)
1 creature vanquished.

Notes
Turn   | Place    | Note
--------------------------------------------------------------
     0 | D:1      | Gorice the Demonspawn Wanderer began the quest for the Orb.
     0 | D:1      | Gorice set off with: a book of Minor Magic, Borgnjor's Volume of Necromancy, the Volume of Envenoming, a +0 robe, a +0 club, a bread ration {!e}
     0 | D:1      | Reached XP level 1. HP: 15/15 MP: 3/3
     0 | D:1      | Identified Borgnjor's Volume of Necromancy
     0 | D:1      | Identified the Volume of Envenoming
     2 | D:1      | Learned a level 1 spell: Sting
   104 | D:1      | HP: 3/15 [hobgoblin (3)]
   114 | D:1      | HP: 1/15 [bat (1)]
   115 | D:1      | Slain by a bat

Action                   || total
-------------------------++-------
Melee: Club              ||     7
 Cast: Sting             ||     4

Table legend:
 A = Turns spent in this place as a percentage of turns spent in the entire game.
 B = Non-inter-level travel turns spent in this place as a percentage of non-inter-level travel turns spent in the entire game.
 C = Inter-level travel turns spent in this place as a percentage of turns spent in this place.
 D = Turns resting spent in this place as a percentage of non-inter-level travel turns spent in this place.
 E = Turns spent auto-exploring this place as a percentage of non-inter-level travel turns spent in this place.
 F = Non-inter-level travel turns spent in this place divided by the number of levels of this place that you've seen.
                   A       B       C       D       E      F
               +-------+-------+-------+-------+-------+----------------------
         Total | 100.0 | 100.0 |   0.0 |   0.0 |  10.9 |  46.0
       Dungeon | 100.0 | 100.0 |   0.0 |   0.0 |  10.9 |  46.0
               +-------+-------+-------+-------+-------+----------------------

Vault maps used:
D:1:      tarquinn_simple_flora_water_d, dk_noncrumbling_4
